PBL
KELOWNA HEAT @ VICTORIA CAPITALS
10/09/2049
 
TOP OF THE 1ST
Calgary Flames batting - Pitching for Colorado Avalanche : RHP Javy Pelayo
Pitching: RHP Javy Pelayo
Batting: RHB Luis Juarez 0-0: Called Strike
0-1: Foul Ball, location: 2F
0-2: Ball
1-2: Strikes out swinging
Batting: RHB Brent Stewart 0-0: Foul Ball, location: 2F
0-1: Swinging Strike
0-2: Strikes out swinging
Batting: RHB Jordan Guajardo 0-0: Ball
1-0: Ball
2-0: Foul Ball, location: 2F
2-1: Swinging Strike
2-2: Strikes out swinging
Top of the 1st over - 0 runs, 0 hits, 0 errors, 0 left on base; Calgary 0 - Colorado 0
BOTTOM OF THE 1ST
Colorado Avalanche batting - Pitching for Calgary Flames : RHP Cole Schmidt
Pitching: RHP Cole Schmidt
Batting: LHB Robert Watson 0-0: Called Strike
0-1: Bunt for hit to 23 - play at first, batter OUT! 3-4
Batting: LHB Mark Von Behren 0-0: Called Strike
0-1: Called Strike
0-2: Hit by Pitch
Batting: LHB Eric Haffer 0-0: Ball
1-0: Called Strike
1-1: Ball
2-1: Swinging Strike
Passed Ball!
Mark Von Behren to second
2-2: Strikes out swinging
Batting: RHB Dylan Appeldoorn 0-0: Ball
1-0: Called Strike
1-1: Swinging Strike
1-2: Foul Ball, location: 2F
1-2: Ball
2-2: Strikes out looking
Bottom of the 1st over - 0 runs, 0 hits, 0 errors, 1 left on base; Calgary 0 - Colorado 0
TOP OF THE 2ND
Calgary Flames batting - Pitching for Colorado Avalanche : RHP Javy Pelayo
Batting: RHB Andres Valles 0-0: Ball
1-0: Ball
2-0: Ground out 4-3 (Groundball, 4D, EV 99.4 MPH)
Batting: SHB Rich Self 0-0: Called Strike
0-1: Foul Ball, location: 2F
0-2: Ball
1-2: Strikes out swinging
Batting: RHB Bobby Light 0-0: Ball
1-0: Called Strike
1-1: SINGLE (Groundball, 6MD, EV 107.5 MPH)
Batting: LHB Silvio Mulder 0-0: Ball
1-0: Ball
2-0: Foul Ball, location: 2F
2-1: Ball
3-1: Called Strike
3-2: Foul Ball, location: 2F
3-2: Strikes out looking
Top of the 2nd over - 0 runs, 1 hit, 0 errors, 1 left on base; Calgary 0 - Colorado 0
BOTTOM OF THE 2ND
Colorado Avalanche batting - Pitching for Calgary Flames : RHP Cole Schmidt
Batting: LHB Justin James 0-0: Ball
1-0: Called Strike
1-1: Fly out, F7 (Flyball, 78S, EV 83.1 MPH)
Batting: RHB Ernesto Munoz 0-0: SINGLE (Flyball, 89M, EV 89.4 MPH)
Batting: RHB Ricardo Ortiz 0-0: Fly out, F7 (Flyball, 7S, EV 71.3 MPH)
Batting: SHB In-sung Lee 0-0: Called Strike
0-1: Ball
1-1: Ground out 5-3 (Groundball, 56S, EV 84.4 MPH)
Bottom of the 2nd over - 0 runs, 1 hit, 0 errors, 1 left on base; Calgary 0 - Colorado 0
TOP OF THE 3RD
Calgary Flames batting - Pitching for Colorado Avalanche : RHP Javy Pelayo
Batting: RHB Glenn Viano 0-0: Foul Ball, location: 2F
0-1: Foul Ball, location: 2F
0-2: Strikes out swinging
Batting: SHB Cole Schmidt 0-0: Ball
1-0: Ground out 6-3 (Groundball, 6, EV 81.3 MPH)
Batting: RHB Luis Juarez 0-0: Foul Ball, location: 2F
0-1: Ball
1-1: Ground out 5-3 (Groundball, 5, EV 83.1 MPH)
Top of the 3rd over - 0 runs, 0 hits, 0 errors, 0 left on base; Calgary 0 - Colorado 0
BOTTOM OF THE 3RD
Colorado Avalanche batting - Pitching for Calgary Flames : RHP Cole Schmidt
Batting: RHB Javy Pelayo 0-0: Ball
1-0: Ball
2-0: SINGLE (Groundball, 6MD, EV 108.1 MPH)
Batting: LHB Robert Watson 0-0: Swinging Strike
0-1: Foul Ball, location: 2F
0-2: Ball
1-2: Ball
2-2: Ball
3-2: Strikes out looking
Batting: LHB Mark Von Behren 0-0: Ball
Wild Pitch!
Javy Pelayo to second
1-0: Called Strike
1-1: Ball
2-1: Ground out 4-3 (Groundball, 4, EV 105.0 MPH)
Javy Pelayo to third
Batting: LHB Eric Haffer 0-0: Called Strike
0-1: Ball
1-1: Ground out 4-3 (Groundball, 4, EV 81.9 MPH)
Bottom of the 3rd over - 0 runs, 1 hit, 0 errors, 1 left on base; Calgary 0 - Colorado 0
TOP OF THE 4TH
Calgary Flames batting - Pitching for Colorado Avalanche : RHP Javy Pelayo
Batting: RHB Brent Stewart 0-0: Ball
1-0: Called Strike
1-1: Called Strike
1-2: Ball
2-2: Ground out 6-3 (Groundball, 6, EV 86.3 MPH)
Batting: RHB Jordan Guajardo 0-0: Called Strike
0-1: Ball
1-1: Swinging Strike
1-2: Strikes out swinging
Batting: RHB Andres Valles 0-0: Foul Ball, location: 2F
0-1: Ground out 6-3 (Groundball, 6, EV 76.3 MPH)
Top of the 4th over - 0 runs, 0 hits, 0 errors, 0 left on base; Calgary 0 - Colorado 0
BOTTOM OF THE 4TH
Colorado Avalanche batting - Pitching for Calgary Flames : RHP Cole Schmidt
Batting: RHB Dylan Appeldoorn 0-0: Ball
1-0: Foul Ball, location: 2F
1-1: Ball
2-1: Ball
3-1: Ground out 6-3 (Groundball, 56, EV 104.4 MPH)
Batting: LHB Justin James 0-0: Called Strike
0-1: Ball
1-1: Ball
2-1: Ball
3-1: Called Strike
3-2: Ground out 4-3 (Groundball, 4, EV 80.6 MPH)
Batting: RHB Ernesto Munoz 0-0: Foul Ball, location: 2F
0-1: Ball
1-1: Foul Ball, location: 2F
1-2: Ball
2-2: Foul Ball, location: 2F
2-2: Ball
3-2: SINGLE (Line Drive, 89M, EV 90.0 MPH)
Batting: RHB Ricardo Ortiz 0-0: DOUBLE (Groundball, 5L, EV 103.8 MPH)
Ernesto Munoz to third
Runner from 3rd tries for Home, throw by LF and OUT! 7-6-2
Bottom of the 4th over - 0 runs, 2 hits, 0 errors, 1 left on base; Calgary 0 - Colorado 0
TOP OF THE 5TH
Calgary Flames batting - Pitching for Colorado Avalanche : RHP Javy Pelayo
Batting: SHB Rich Self 0-0: Ball
1-0: Foul Ball, location: 2F
1-1: Ball
2-1: Foul Ball, location: 2F
2-2: Ground out 4-3 (Groundball, 4M, EV 88.8 MPH)
Batting: RHB Bobby Light 0-0: Called Strike
0-1: Ball
1-1: Swinging Strike
1-2: Fly out, F9 (Flyball, 89D, EV 90.0 MPH)
Batting: LHB Silvio Mulder 0-0: Ball
1-0: Ball
2-0: Fly out, F7 (Flyball, 7S, EV 86.9 MPH)
Top of the 5th over - 0 runs, 0 hits, 0 errors, 0 left on base; Calgary 0 - Colorado 0
BOTTOM OF THE 5TH
Colorado Avalanche batting - Pitching for Calgary Flames : RHP Cole Schmidt
Batting: SHB In-sung Lee 0-0: Foul Ball, location: 2F
0-1: Foul Ball, location: 2F
0-2: Ball
1-2: Ball
2-2: Foul Ball, location: 2F
2-2: Strikes out looking
Batting: RHB Javy Pelayo 0-0: Swinging Strike
0-1: Ground out 5-3 (Groundball, 56, EV 80.0 MPH)
Batting: LHB Robert Watson 0-0: Fly out, F9 (Flyball, 9LMF, EV 80.6 MPH)
Bottom of the 5th over - 0 runs, 0 hits, 0 errors, 0 left on base; Calgary 0 - Colorado 0
TOP OF THE 6TH
Calgary Flames batting - Pitching for Colorado Avalanche : RHP Javy Pelayo
Batting: RHB Glenn Viano 0-0: Ball
1-0: Called Strike
1-1: Swinging Strike
1-2: Ball
2-2: Strikes out swinging
Batting: SHB Cole Schmidt 0-0: Ball
1-0: Called Strike
1-1: Foul Ball, location: 2F
1-2: Ball
2-2: Ball
3-2: Foul Ball, location: 2F
3-2: Strikes out swinging
Batting: RHB Luis Juarez 0-0: Ball
1-0: Foul Ball, location: 2F
1-1: Ball
2-1: Ground out 4-3 (Groundball, 4, EV 105.0 MPH)
Top of the 6th over - 0 runs, 0 hits, 0 errors, 0 left on base; Calgary 0 - Colorado 0
BOTTOM OF THE 6TH
Colorado Avalanche batting - Pitching for Calgary Flames : RHP Cole Schmidt
Batting: LHB Mark Von Behren 0-0: Called Strike
0-1: Ball
1-1: Bunt missed!
1-2: Foul Ball, location: 2F
1-2: Foul Ball, location: 2F
1-2: Foul Ball, location: 2F
1-2: Strikes out looking
Batting: LHB Eric Haffer 0-0: Called Strike
0-1: Swinging Strike
0-2: Ball
1-2: Foul Ball, location: 2F
1-2: Strikes out swinging
Batting: RHB Dylan Appeldoorn 0-0: Called Strike
0-1: SINGLE (Groundball, 56D, EV 103.8 MPH)
Pitching: RHP Orlando Moreno
Batting: LHB Justin James 0-0: Called Strike
0-1: 2-RUN HOME RUN (Flyball, 89XD, EV 103.8 MPH), Distance : 443 ft
Batting: RHB Ernesto Munoz 0-0: Swinging Strike
0-1: Ball
1-1: Ball
2-1: Foul Ball, location: 2F
2-2: Hit by Pitch
Batting: RHB Ricardo Ortiz 0-0: Called Strike
0-1: Called Strike
0-2: DOUBLE (Flyball, 89D, EV 98.8 MPH)
Ernesto Munoz to third
Batting: SHB In-sung Lee 0-0: Intentional Walk
Batting: RHB Javy Pelayo 0-0: Ball
1-0: Called Strike
1-1: Foul Ball, location: 2F
1-2: Foul Ball, location: 2F
1-2: Strikes out swinging
Bottom of the 6th over - 2 runs, 3 hits, 0 errors, 3 left on base; Calgary 0 - Colorado 2
TOP OF THE 7TH
Calgary Flames batting - Pitching for Colorado Avalanche : RHP Javy Pelayo
Batting: RHB Brent Stewart 0-0: Ball
1-0: Ball
2-0: Called Strike
2-1: Called Strike
2-2: Ball
3-2: Strikes out swinging
Batting: RHB Jordan Guajardo 0-0: Fly out, F8 (Flyball, 8RM, EV 88.1 MPH)
Batting: RHB Andres Valles 0-0: Fly out, F8 (Flyball, 8RM, EV 83.8 MPH)
Top of the 7th over - 0 runs, 0 hits, 0 errors, 0 left on base; Calgary 0 - Colorado 2
BOTTOM OF THE 7TH
Colorado Avalanche batting - Pitching for Calgary Flames : RHP Orlando Moreno
Batting: LHB Robert Watson 0-0: Called Strike
0-1: Ball
1-1: Ground out U3 (Groundball, 3L, EV 100.6 MPH)
Batting: LHB Mark Von Behren 0-0: Ball
1-0: Bunted foul
1-1: Ball
2-1: Swinging Strike
2-2: Strikes out looking
Batting: LHB Eric Haffer 0-0: Called Strike
0-1: Ball
1-1: Ball
2-1: Foul Ball, location: 2F
2-2: Ground out 6-3 (Groundball, 6, EV 83.1 MPH)
Bottom of the 7th over - 0 runs, 0 hits, 0 errors, 0 left on base; Calgary 0 - Colorado 2
TOP OF THE 8TH
Calgary Flames batting - Pitching for Colorado Avalanche : RHP Javy Pelayo
Batting: SHB Rich Self 0-0: Swinging Strike
0-1: Swinging Strike
0-2: Ball
1-2: Foul Ball, location: 2F
1-2: Strikes out looking
Batting: RHB Bobby Light 0-0: Foul Ball, location: 2F
0-1: Ball
1-1: Ball
2-1: Fly out, F7 (Flyball, 7LS, EV 84.4 MPH)
Batting: LHB Silvio Mulder 0-0: Called Strike
0-1: Ball
1-1: Called Strike
1-2: Strikes out swinging
Top of the 8th over - 0 runs, 0 hits, 0 errors, 0 left on base; Calgary 0 - Colorado 2
BOTTOM OF THE 8TH
Colorado Avalanche batting - Pitching for Calgary Flames : RHP Orlando Moreno
Pitching: RHP Zach Billings
Batting: RHB Dylan Appeldoorn 0-0: Ball
1-0: Foul Ball, location: 2F
1-1: SINGLE (Groundball, 4D, EV 98.8 MPH)
Batting: LHB Justin James 0-0: Ball
1-0: Called Strike
1-1: Ball
2-1: Ball
3-1: Base on Balls
Dylan Appeldoorn to second
Batting: RHB Ernesto Munoz 0-0: Called Strike
0-1: Reached on error, E6 (Groundball, 6, EV 90.0 MPH)
Dylan Appeldoorn to third
Justin James to second
Batting: RHB Ricardo Ortiz 0-0: Foul Ball, location: 2F
0-1: SINGLE (Flyball, 9S, EV 83.1 MPH)
Dylan Appeldoorn scores
Justin James to third
Ernesto Munoz to second
Runner from 3rd tries for Home, throw by RF and OUT! 9-2
Batting: SHB In-sung Lee 0-0: SINGLE (Groundball, 34, EV 105.6 MPH) (infield hit)
Ernesto Munoz to third
Ricardo Ortiz to second
Batting: RHB Javy Pelayo 0-0: SINGLE (Groundball, 4, EV 86.3 MPH) (infield hit)
Ernesto Munoz scores
Ricardo Ortiz to third
In-sung Lee to second
Batting: LHB Robert Watson Balk!
Ricardo Ortiz scores
In-sung Lee to third
Javy Pelayo to second
Pitching: RHP Greg Leon 0-0: Fly out, F5 (Popup, 56S, EV 75.6 MPH)
Batting: LHB Mark Von Behren 0-0: Called Strike
0-1: Called Strike
0-2: Foul Ball, location: 2F
0-2: Foul Ball, location: 2F
0-2: Strikes out swinging
Bottom of the 8th over - 3 runs, 4 hits, 1 error, 2 left on base; Calgary 0 - Colorado 5
TOP OF THE 9TH
Calgary Flames batting - Pitching for Colorado Avalanche : RHP Javy Pelayo
Batting: RHB Glenn Viano 0-0: Called Strike
0-1: Ball
1-1: Ball
2-1: Ball
3-1: Swinging Strike
3-2: Ground out 1-3 (Groundball, 15, EV 77.5 MPH)
Pinch Hitting: RHB Cody Rector 0-0: Ball
1-0: Swinging Strike
1-1: Ground out 6-3 (Groundball, 6, EV 95.0 MPH)
Batting: RHB Luis Juarez 0-0: Ball
1-0: Foul Ball, location: 2F
1-1: Foul Ball, location: 2F
1-2: Foul Ball, location: 2F
1-2: Strikes out looking
Top of the 9th over - 0 runs, 0 hits, 0 errors, 0 left on base; Calgary 0 - Colorado 5
Sunday, July 16th , 2023 - OOTP Baseball 24.6 Build 69